Map: [ESL] Babylon

Players

Reynor

  • Race: Zerg Zerg

Astrea - Winner!

  • Race: Protoss Protoss
  • League: Diamond

Event: IEM Katowice 2023

VOD

Have the link to the VOD?

Description

Time

  • Played on: Feb. 9, 2023, 9:10 a.m.
  • Length: 9:30

All games in this series

Show
View Real Time Build Order
Export as new Build Order

Reynor Zerg 

Build Orders: Hatch First 

Get SALT Encoding   

  12  0:00  Drone  
  13  0:12  Overlord  
  13  0:16  Drone  
  14  0:30  Drone x2  
  16  0:50  Hatchery  
  16  0:52  Drone  
  16  0:55  Drone  
  17  0:59  Drone  
  18  1:09  Extractor  
  17  1:15  Spawning Pool  
  16  1:19  Drone  
  16  1:22  Drone  
  18  1:27  Drone  
  19  1:40  Drone  
  20  1:48  Overlord  
  20  2:01  Queen x2  
  20  2:02  Drone x2  
  26  2:10  Zergling x2  
  26  2:13  Zergling x2  
  28  2:21  Drone  
  29  2:23  Drone  
  29  2:27  Metabolic Boost  
  30  2:32  Drone  
  30  2:34  Drone  
  32  2:43  Hatchery  
  31  2:46  Drone  
  31  2:47  Drone  
  33  2:53  Overlord  
  33  2:56  Drone  
  34  2:59  Spore Crawler  
  34  3:02  Queen  
  36  3:10  Overlord  
  36  3:12  Queen  
  38  3:14  Drone  
  38  3:16  Drone  
  38  3:18  Drone  
  42  3:20  Drone  
  42  3:22  Drone  
  42  3:24  Drone  
  44  3:29  Drone  
  44  3:32  Drone  
  46  3:38  Drone, Roach Warren  
  46  3:42  Drone  
  46  3:46  Drone x3  
  50  3:48  Overlord  
  50  3:51  Drone x2  
  52  3:57  Extractor, Drone x2  
  52  3:59  Overlord  
  52  4:05  Zergling x2  
  52  4:06  Queen  
  52  4:07  Zergling x2  
  52  4:08  Zergling x2  
  57  4:12  Spore Crawler  
  57  4:15  Spore Crawler  
  55  4:18  Roach x3  
  61  4:24  Lair  
  61  4:30  Drone x4  
  65  4:32  Spore Crawler  
  65  4:33  Drone  
  65  4:35  Drone  
  65  4:37  Drone  
  67  4:38  Drone  
  67  4:41  Overlord  
  67  4:42  Drone  
  67  4:45  Drone  
  70  4:49  Drone  
  70  4:51  Spore Crawler  
  69  4:55  Drone x2  
  69  4:59  Extractor  
  71  5:00  Overlord  
  71  5:05  Overlord  
  71  5:10  Roach x4  
  71  5:12  Overlord  
  79  5:15  Roach  
  79  5:18  Overlord  
  79  5:20  Queen  
  83  5:23  Overseer  
  83  5:25  Glial Reconstitution  
  83  5:26  Roach, Zergling x2  
  88  5:28  Roach  
  88  5:29  Drone  
  88  5:30  Drone  
  88  5:31  Roach  
  88  5:32  Extractor  
  88  5:34  Overlord  
  91  5:37  Roach x2  
  91  5:40  Roach  
  97  5:44  Drone x2  
  97  5:46  Drone  
  97  5:48  Drone  
  99  5:54  Drone x3  
  99  5:55  Drone x4  
  106  6:00  Overlord  
  106  6:01  Roach  
  108  6:07  Roach x3  
  108  6:09  Overlord  
  112  6:12  Roach  
  112  6:16  Zergling x2  
  112  6:17  Baneling Nest  
  114  6:20  Roach x2  
  114  6:23  Drone x3  
  115  6:28  Roach x2, Zergling x2  
  115  6:30  Roach  
  122  6:32  Overlord  
  122  6:36  Roach x3  
  129  6:41  Roach x2  
  129  6:43  Overlord  
  129  6:45  Overlord  
  133  6:50  Overlord x2  
  133  6:52  Ravager x4  
  137  6:55  Zergling x2  
  137  6:56  Overlord  
  137  7:03  Roach x2  
  137  7:04  Roach x2, Zergling x6  
  137  7:07  Roach, Zergling x2  
  133  7:09  Roach  
  133  7:14  Overlord  
  135  7:18  Roach  
  137  7:23  Roach x6  
  137  7:28  Overlord  
  143  7:33  Roach  
  143  7:34  Roach  
  145  7:41  Roach x3  
  132  7:47  Roach x2  
  132  7:49  Ravager  
  132  7:50  Zergling x6  
  124  7:52  Roach  
  124  7:57  Roach, Zergling x2  
  123  8:05  Extractor  
  122  8:06  Hatchery  
  122  8:08  Zergling x4  
  121  8:15  Ravager x2  
  121  8:19  Roach x2  
  126  8:22  Queen  
  127  8:28  Roach  
  127  8:29  Roach  
  118  8:41  Roach x2  
  118  8:45  Queen, Ravager x2  
  123  8:50  Roach x2, Zergling x4  
  123  8:52  Roach  
  120  9:01  Roach  
  119  9:08  Roach  
  119  9:09  Roach x3  
  103  9:25  Ravager x3  
Show
View Real Time Build Order
Export as new Build Order

Astrea Protoss - Winner!

Build Orders: 1 Gate Expand 

Get SALT Encoding   

  12  0:00  Probe  
  13  0:12  Probe  
  14  0:16  Pylon  
  14  0:24  Probe (Chrono Boost)  
  15  0:36  Probe (Chrono Boost)  
  15  0:38  Gateway  
  16  0:44  Probe (Chrono Boost)  
  16  0:48  Assimilator  
  17  0:51  Probe  
  18  1:03  Probe  
  19  1:15  Probe  
  20  1:24  Nexus  
  20  1:27  Probe  
  21  1:37  Cybernetics Core  
  21  1:43  Assimilator  
  21  1:46  Probe  
  22  1:52  Pylon  
  22  2:03  Probe (Chrono Boost)  
  23  2:11  Adept (Chrono Boost)  
  23  2:14  Warp Gate  
  23  2:15  Probe (Chrono Boost)  
  26  2:20  Probe (Chrono Boost)  
  26  2:22  Robotics Facility  
  27  2:29  Probe  
  28  2:32  Stalker (Chrono Boost)  
  30  2:37  Probe  
  30  2:41  Probe  
  32  2:49  Probe  
  33  2:53  Probe  
  34  3:01  Probe  
  34  3:03  Gateway  
  36  3:05  Probe  
  36  3:10  Robotics Bay  
  36  3:11  Observer  
  37  3:13  Probe  
  37  3:17  Probe, Adept  
  41  3:24  Pylon  
  41  3:25  Probe  
  42  3:29  Probe  
  42  3:31  Warp Prism (Chrono Boost)  
  43  3:39  Probe  
  46  3:42  Probe  
  46  3:44  Robotics Facility  
  46  3:48  Assimilator  
  47  3:51  Probe  
  47  3:55  Probe  
  49  3:56  Pylon  
  49  3:59  Disruptor (Chrono Boost)  
  49  4:03  Probe  
  49  4:07  Probe  
  54  4:11  Assimilator  
  54  4:12  Pylon  
  54  4:17  Probe  
  55  4:22  Probe  
  56  4:29  Probe, Warp Prism (Chrono Boost)  
  60  4:34  Probe  
  63  4:40  Disruptor (Chrono Boost)  
  63  4:44  Gateway  
  63  4:45  Gateway  
  63  4:55  Disruptor (Chrono Boost)  
  66  5:03  Pylon  
  66  5:06  Disruptor (Chrono Boost)  
  69  5:07  Gateway  
  69  5:12  Pylon, Gravitic Drive  
  69  5:15  Gateway  
  69  5:19  Gateway  
  73  5:33  Immortal (Chrono Boost)  
  73  5:34  Immortal (Chrono Boost)  
  77  5:39  Stalker  
  79  5:52  Adept x2  
  79  5:53  Pylon, Adept  
  79  5:55  Pylon  
  85  6:01  Pylon  
  85  6:08  Observer  
  85  6:16  Stalker x4  
  93  6:19  Pylon  
  93  6:32  Stalker x3  
  95  6:39  Stalker x2  
  103  6:40  Stalker  
  103  6:41  Sentry  
  107  7:07  Stalker x3  
  107  7:08  Shield Battery, Stalker x2  
  117  7:34  Pylon x2  
  107  7:48  Stalker x5  
  117  7:53  Observer  
  108  7:58  Stalker  
  108  8:03  Disruptor x2  
  116  8:10  Gateway  
  114  8:21  Stalker x5  
  114  8:24  Stalker  
  125  8:45  Stalker x4  
  132  8:53  Stalker  
  110  9:24  Stalker  
  110  9:25  Stalker x3  

Tags
 
Add a new tag
Caveats
  • Supply blocks, unpowered buildings, or Contaminate may cause inaccurate times.
  • Supply counts are checked every 10 seconds.